 Dungeon Crawl Stone Soup version 0.28-a0-1415-g7c84da036a (webtiles) character file.

Game seed: 5901542088797055176

48 vineage the Skirmisher (level 3, -3/26 HPs)
             Began as a Gargoyle Fighter on Jan 7, 2022.
             Slain by a hobgoblin (5 damage)
             ... led by Robin
             ... on level 2 of the Dungeon.
             The game lasted 00:01:20 (1662 turns).

vineage the Skirmisher (Gargoyle Fighter)           Turns: 1662, Time: 00:01:20

Health: -3/26      AC: 10    Str: 19    XL:     3   Next: 72%
Magic:  3/3        EV:  9    Int:  8    God:
Gold:   118        SH:  4    Dex: 11    Spells: 2/2 levels left

rFire   . . .      SeeInvis .   a - +1 flail
rCold   . . .      Faith    .   c - +0 buckler
rNeg    + . .      Spirit   .   b - +0 scale mail
rPois   ∞          Reflect  .   (no helmet)
rElec   +          Harm     .   (no cloak)
rCorr   .          Rampage  .   (no gloves)
Will    .....                   (no boots)
Stlth   ..........              (no amulet)
HPRegen 0.08/turn               (no ring)
MPRegen 0.08/turn               (no ring)

@: no status effects
A: sickness immunity, AC +3, negative energy resistance 1, electricity
resistance, torment resistance 1, petrification resistance
a: no special abilities


You were on level 2 of the Dungeon.
You visited 1 branch of the dungeon, and saw 3 of its levels.

You collected 118 gold pieces.

Inventory:

Hand Weapons
 a - a +1 flail (weapon)
Armour
 b - a +0 scale mail (worn)
 c - a +0 buckler (worn)
Scrolls
 g - 2 scrolls of silence
 i - a scroll of torment
Potions
 d - a potion of might
 e - a potion of degeneration {unknown}
 f - a potion of attraction {unknown}
 j - a potion of magic {unknown}
 k - a potion of heal wounds {unknown}
 l - a potion of flight {unknown}
 m - a potion of brilliance {unknown}


   Skills:
 + Level 5.0 Fighting
 - Level 2.0 Maces & Flails
 - Level 3.2 Armour
 - Level 3.2 Shields


You had 2 spell levels left.
You didn't know any spells.
Your spell library was empty.

Dungeon Overview and Level Annotations

Branches:
Dungeon (3/15)

Altars:

Shops:
D:1 [

Annotations:
D:3 Robin


Innate Abilities, Weirdness & Mutations

You are immune to sickness and miasma.
Your stone body is resilient. (AC +3)
You are immune to poison.
You resist negative energy. (rN+)
You are resistant to electric shocks. (rElec)
You are resistant to unholy torment.
You are immune to petrification.


Message History

You barely miss the goblin.
The hobgoblin hits you but does no damage.
The goblin hits you but does no damage. x2
Robin roars a battlecry!
The goblins go into a battle-frenzy!
You hear a shout! x3
The hobgoblin hits you but does no damage.
The goblin barely misses you. The goblin hits you but does no damage.
Robin roars a battlecry!
You climb upwards.
There is a stone staircase leading down here.
You miss the goblin. The hobgoblin barely misses you.
The goblin hits you with a +0 club. x2
You closely miss the goblin. The hobgoblin barely misses you.
The goblin barely misses you. The goblin hits you but does no damage.
You block the hobgoblin's attack. The goblin misses you.
You thump the goblin!
You kill the goblin!
The goblin closely misses you. The hobgoblin barely misses you.
The goblin hits you but does no damage.
You barely miss the hobgoblin. The hobgoblin barely misses you.
The goblin hits you with a +0 club.
You barely miss the hobgoblin. The hobgoblin barely misses you.
You block the goblin's attack. The hobgoblin hits you.
You are too injured to fight recklessly!
You are too injured to fight recklessly!
You are too injured to fight recklessly!
You are too injured to fight recklessly!
You are too injured to fight recklessly!
You are too injured to fight recklessly!
You are too injured to fight recklessly!
You are too injured to fight recklessly!
You are too injured to fight recklessly!
You are too injured to fight recklessly!
You are too injured to fight recklessly!
You are too injured to fight recklessly!
The goblin hits you with a +0 club.
* * * LOW HITPOINT WARNING * * *
The hobgoblin hits you.
You die...

#...........##.##.#
..÷.....##.###.##.###
........##.# #......#
.........#.####.....#
....................#
..............#######
.........#.###......#
.............#..)g..#
###.#..#........@>..#
# #..........#..g...#
# #.....####.#....^.#
# #.......##..#######
#....##.###.#
###....##.....##
.......#####...#
..#....##
##############
..#.....###
#..........#


You could see a hobgoblin (strong) and a goblin (strong).

Vanquished Creatures
  2 adders (D:2)
  A dart slug (D:1)
  An endoplasm (D:1)
  A giant cockroach (D:2)
  5 goblins
  5 hobgoblins
  3 kobolds
  3 ball pythons
  3 bats (D:1)
  3 rats
27 creatures vanquished.

Vanquished Creatures (others)
  A plant (D:1)
1 creature vanquished.

Grand Total: 28 creatures vanquished

Notes
Turn   | Place    | Note
-------+----------+-------------------------------------------
     0 | D:1      | vineage the Gargoyle Fighter began the quest for the Orb.
     0 | D:1      | Reached XP level 1. HP: 14/14 MP: 1/1
   212 | D:1      | Found a faded altar of an unknown god.
   277 | D:1      | Reached XP level 2. HP: 19/20 MP: 2/2
   387 | D:1      | Found Geareoff's Antique Armour Boutique.
   459 | D:1      | Reached skill level 4 in Fighting
  1033 | D:2      | Reached XP level 3. HP: 19/24 MP: 3/3
  1638 | D:3      | Reached skill level 5 in Fighting
  1640 | D:3      | Noticed Robin
  1662 | D:2      | Slain by a hobgoblin

Illustrated notes

Levels and vault maps discovered:
D:1:      elethiomel_arrival_infinity_welcomes_careful_drivers,
          layout_loops_ring, shapermc_ecumenical_altar_mp_urbaneastern,
          serial_rivers, chequers_serial_rivers_small_b,
          chequers_serial_rivers_marsh, chequers_serial_rivers_marsh,
          chequers_serial_rivers_room_a, chequers_serial_rivers_room_b,
          chequers_serial_rivers_room_b, serial_shops, shop
D:2:      layout_rooms
D:3:      layout_basic, minmay_misc_feat_encased, uniq_jessica, uniq_robin,
          uniq_terence

Skill      XL: |  1  2  3 |
---------------+----------+-----
Fighting       | 4 5 |  5.0
Maces & Flails | |  2.0
Armour         | |  3.2
Shields        | |  3.2

Action                   || total
-------------------------++-------
Melee: Flail             ||    60
  Use: Scroll            ||     8
Armor: Scale mail        ||    38
Dodge: Dodged            ||    34
Block: Buckler           ||    12

Table legend: (Time is in decaauts)
 A = Elapsed time spent in this place.
 B = Non-inter-level travel time spent in this place.
 C = Inter-level travel time spent in this place.
 D = Time resting spent in this place.
 E = Time spent auto-exploring this place.
 F = Levels seen in this place.
 G = Mean time per level.
                   A        B        C        D        E       F      G
               +--------+--------+--------+--------+--------+-----+--------+
         Total |   1693 |   1610 |     83 |      0 |   1401 |   3 |  564.3 |
       Dungeon |   1693 |   1610 |     83 |      0 |   1401 |   3 |  564.3 |
               +--------+--------+--------+--------+--------+-----+--------+

Top non-repeatable levels by time:
     D:1: 1042 daAuts
     D:2: 619 daAuts
     D:3: 31 daAuts
